IL
ROCHESTER RED WINGS @ PAWTUCKET RED SOX
09/08/2098
 
TOP OF THE 1ST
Rochester Red Wings batting - Pitching for Pawtucket Red Sox : RHP Mike Chiasson
Pitching: RHP Mike Chiasson
Batting: RHB Danny Strickland 0-0: Ball
1-0: Ball
2-0: Called Strike
2-1: Swinging Strike
2-2: Strikes out looking
Batting: SHB Michael Griffith 0-0: Ball
1-0: Ball
2-0: Ball
3-0: Called Strike
3-1: Called Strike
3-2: Base on Balls
Batting: SHB Jimmy Dressler 0-0: Ball
1-0: Ball
2-0: Ball
Wild Pitch!
Michael Griffith to second
3-0: Called Strike
3-1: SINGLE (Groundball, P, EV 86.3 MPH) (infield hit)
Michael Griffith to third
Batting: RHB Justin Bradshaw 0-0: Fly out, F8 (Flyball, 8LD, EV 81.3 MPH)
Runner from 3rd tags up, OUT at HOME! 8-2
Top of the 1st over - 0 runs, 1 hit, 0 errors, 1 left on base; Rochester 0 - Pawtucket 0
BOTTOM OF THE 1ST
Pawtucket Red Sox batting - Pitching for Rochester Red Wings : RHP Victor Gonzalez
Pitching: RHP Victor Gonzalez
Batting: RHB Ryan Rynard 0-0: Ball
1-0: Ground out U3 (Groundball, 34S, EV 70.6 MPH)
Batting: RHB Eddie Chavez 0-0: Foul Ball, location: 2F
0-1: Ball
1-1: Called Strike
1-2: Strikes out looking
Batting: RHB Alvaro Madera 0-0: Ball
1-0: Ball
2-0: Ball
3-0: Base on Balls
Batting: LHB Ryan McFall 0-0: Ball
1-0: Called Strike
1-1: DOUBLE (Line Drive, 78XD, EV 101.9 MPH)
Alvaro Madera to third
Batting: SHB Chris Pierce 0-0: Fly out, F7 (Flyball, 7, EV 81.3 MPH)
Bottom of the 1st over - 0 runs, 1 hit, 0 errors, 2 left on base; Rochester 0 - Pawtucket 0
TOP OF THE 2ND
Rochester Red Wings batting - Pitching for Pawtucket Red Sox : RHP Mike Chiasson
Batting: RHB Jeremy Wallace 0-0: Ball
1-0: Ball
2-0: Called Strike
2-1: Swinging Strike
2-2: Ball
3-2: Strikes out looking
Batting: RHB Jim Bartle 0-0: Ground out 5-3 (Groundball, 56, EV 108.1 MPH)
Batting: RHB Eddie Pizana 0-0: Ball
1-0: Foul Ball, location: 7LDF
1-1: Ground out 6-3 (Groundball, 56, EV 80.6 MPH)
Top of the 2nd over - 0 runs, 0 hits, 0 errors, 0 left on base; Rochester 0 - Pawtucket 0
BOTTOM OF THE 2ND
Pawtucket Red Sox batting - Pitching for Rochester Red Wings : RHP Victor Gonzalez
Batting: RHB John Bishop 0-0: Ball
1-0: Called Strike
1-1: SINGLE (Groundball, 13, EV 67.5 MPH) (infield hit)
Batting: RHB Carlos Chaidez 0-0: Foul Ball, location: 2F
0-1: Ball
1-1: Ball
2-1: Foul Ball, location: 9LSF
2-2: Strikes out swinging
Batting: LHB Steve Cresci 0-0: Called Strike
0-1: Foul Ball, location: 9LSFF
0-2: Ball
1-2: Ball
2-2: Ball
3-2: Foul Ball, location: 7LSFF
3-2: SINGLE (Groundball, 34D, EV 103.1 MPH)
John Bishop to second
Runner from 2nd tries for 3rd, SAFE, throw by RF made to third
Batting: RHB Chris Barley 0-0: Called Strike
0-1: Ball
1-1: Swinging Strike
1-2: Ball
2-2: Strikes out swinging
Batting: RHB Ryan Rynard 0-0: Foul Ball, location: 9LDF
0-1: Fielders Choice at 2nd, 5-4 (Groundball, 5, EV 100.6 MPH)
Bottom of the 2nd over - 0 runs, 2 hits, 0 errors, 2 left on base; Rochester 0 - Pawtucket 0
TOP OF THE 3RD
Rochester Red Wings batting - Pitching for Pawtucket Red Sox : RHP Mike Chiasson
Batting: LHB Devin Lotts 0-0: Called Strike
0-1: Ball
1-1: Ground out U3 (Groundball, 34, EV 88.8 MPH)
Batting: RHB Kasey Ramos 0-0: Foul Ball, location: 7LDF
0-1: Called Strike
0-2: Ball
1-2: Foul Ball, location: 5FF
1-2: Strikes out swinging
Batting: RHB Danny Strickland 0-0: Foul Ball, location: 2F
0-1: SINGLE (Groundball, 34, EV 103.8 MPH) (infield hit)
Batting: SHB Michael Griffith 0-0: Foul Ball, location: 3SF
0-1: Swinging Strike
0-2: Strikes out swinging
Top of the 3rd over - 0 runs, 1 hit, 0 errors, 1 left on base; Rochester 0 - Pawtucket 0
BOTTOM OF THE 3RD
Pawtucket Red Sox batting - Pitching for Rochester Red Wings : RHP Victor Gonzalez
Batting: RHB Eddie Chavez 0-0: Ball
1-0: Ball
2-0: Ball
3-0: Base on Balls
Batting: RHB Alvaro Madera 0-0: Called Strike
0-1: TRIPLE (Flyball, 89XD, EV 104.4 MPH)
Eddie Chavez scores
Batting: LHB Ryan McFall 0-0: Ball
1-0: Called Strike
1-1: Ball
2-1: Fly out, F8 (Flyball, 8RM, EV 77.5 MPH)
Runner from 3rd tags up, SCORES, throw by CF
Batting: SHB Chris Pierce 0-0: Ball
1-0: Swinging Strike
1-1: Ground out U3 (Groundball, 34, EV 104.4 MPH)
Batting: RHB John Bishop 0-0: Called Strike
0-1: Called Strike
0-2: SINGLE (Groundball, 6MD, EV 100.0 MPH)
Batting: RHB Carlos Chaidez 0-0: Ball
1-0: Foul Ball, location: 3F
1-1: Ball
2-1: Foul Ball, location: 2F
Pickoff Throw to First - Out! 1-3
Bottom of the 3rd over - 2 runs, 2 hits, 0 errors, 0 left on base; Rochester 0 - Pawtucket 2
TOP OF THE 4TH
Rochester Red Wings batting - Pitching for Pawtucket Red Sox : RHP Mike Chiasson
Batting: SHB Jimmy Dressler 0-0: Ball
1-0: Ball
2-0: Ball
3-0: Base on Balls
Batting: RHB Justin Bradshaw 0-0: Ball
1-0: Ball
2-0: Called Strike
2-1: Called Strike
2-2: Grounds into double play, 6-4-3 (Groundball, 6, EV 82.5 MPH)
Batting: RHB Jeremy Wallace 0-0: SINGLE (Groundball, P, EV 88.8 MPH) (infield hit)
Batting: RHB Jim Bartle 0-0: Ball
1-0: Fly out, F8 (Flyball, 8RM, EV 76.9 MPH)
Top of the 4th over - 0 runs, 1 hit, 0 errors, 1 left on base; Rochester 0 - Pawtucket 2
BOTTOM OF THE 4TH
Pawtucket Red Sox batting - Pitching for Rochester Red Wings : RHP Victor Gonzalez
Batting: RHB Carlos Chaidez 0-0: Called Strike
0-1: Ball
1-1: Called Strike
1-2: Foul Ball, location: 7LMFF
1-2: Ball
2-2: Foul Ball, location: 3F
2-2: Ball
3-2: Strikes out swinging
Batting: LHB Steve Cresci 0-0: Ball
1-0: Foul Ball, location: 7LSF
1-1: Ball
2-1: Foul Ball, location: 9LDF
2-2: Foul Ball, location: 5SF
2-2: Strikes out swinging
Batting: RHB Chris Barley 0-0: Ball
1-0: Ball
2-0: Ball
3-0: Called Strike
3-1: Foul Ball, location: 2F
3-2: Strikes out looking
Bottom of the 4th over - 0 runs, 0 hits, 0 errors, 0 left on base; Rochester 0 - Pawtucket 2
TOP OF THE 5TH
Rochester Red Wings batting - Pitching for Pawtucket Red Sox : RHP Mike Chiasson
Batting: RHB Eddie Pizana 0-0: Called Strike
0-1: Foul Ball, location: 7LMF
0-2: Foul Ball, location: 2F
0-2: Foul Ball, location: 2F
0-2: SINGLE (Line Drive, 6M, EV 111.3 MPH)
Batting: LHB Devin Lotts 0-0: Ball
1-0: Ball
2-0: Bunt missed!
2-1: Bunted foul
2-2: Fly out, F8 (Flyball, 8RM, EV 91.3 MPH)
Batting: RHB Kasey Ramos 0-0: Called Strike
0-1: DOUBLE (Flyball, 89D, EV 104.4 MPH)
Eddie Pizana to third
Runner from 3rd tries for Home, SAFE, throw by RF to trailing runner, SAFE at third!
Batting: RHB Danny Strickland 0-0: Ball
1-0: Ball
2-0: Foul Ball, location: 2F
2-1: SINGLE (Groundball, 6, EV 103.1 MPH)
Kasey Ramos scores
Batting: SHB Michael Griffith 0-0: Fielders Choice at 2nd, 6-4 (Groundball, 6MD, EV 95.6 MPH)
Batting: SHB Jimmy Dressler 0-0: SINGLE (Line Drive, 7S, EV 103.8 MPH)
Michael Griffith to second
Batting: RHB Justin Bradshaw 0-0: Ball
1-0: Called Strike
1-1: Called Strike
1-2: Ball
2-2: Strikes out swinging
Top of the 5th over - 2 runs, 4 hits, 0 errors, 2 left on base; Rochester 2 - Pawtucket 2
BOTTOM OF THE 5TH
Pawtucket Red Sox batting - Pitching for Rochester Red Wings : RHP Victor Gonzalez
Pitching: RHP Bobby Marin
Batting: RHB Ryan Rynard 0-0: Ball
1-0: Ball
2-0: Ball
3-0: Called Strike
3-1: Foul Ball, location: 2F
3-2: DOUBLE (Flyball, 8LXD, EV 101.9 MPH)
Batting: RHB Eddie Chavez 0-0: Fly out, F9 (Line Drive, 9S, EV 96.9 MPH)
Batting: RHB Alvaro Madera 0-0: Called Strike
0-1: Foul Ball, location: 9LDF
0-2: Foul Ball, location: 23F
0-2: Ball
1-2: Foul Ball, location: 2F
1-2: Ball
2-2: Ball
3-2: Fly out, F8 (Flyball, 8RS, EV 87.5 MPH)
Batting: LHB Ryan McFall 0-0: Ball
1-0: Ball
2-0: 2-RUN HOME RUN (Flyball, 78XD, EV 107.5 MPH), Distance : 394 ft
Batting: SHB Chris Pierce 0-0: Ball
1-0: Swinging Strike
1-1: Ball
2-1: Foul Ball, location: 7LDF
2-2: SOLO HOME RUN (Flyball, 9D, EV 97.5 MPH), Distance : 362 ft
Pitching: RHP Philip Constantine
Batting: RHB John Bishop 0-0: Ball
1-0: Foul Ball, location: 2F
1-1: Ball
2-1: DOUBLE (Flyball, 89D, EV 92.5 MPH)
Batting: RHB Carlos Chaidez 0-0: Foul Ball, location: 2F
0-1: SINGLE (Groundball, 34D, EV 103.8 MPH)
John Bishop to third
Runner from 3rd tries for Home, SAFE, throw by RF to home
Batting: LHB Steve Cresci 0-0: Fly out, F7 (Flyball, 7LM, EV 88.8 MPH)
Bottom of the 5th over - 4 runs, 5 hits, 0 errors, 1 left on base; Rochester 2 - Pawtucket 6
TOP OF THE 6TH
Rochester Red Wings batting - Pitching for Pawtucket Red Sox : RHP Mike Chiasson
Batting: RHB Jeremy Wallace 0-0: Called Strike
0-1: Ball
1-1: Foul Ball, location: 5F
1-2: Foul Ball, location: 2F
1-2: Foul Ball, location: 9LDF
1-2: Strikes out swinging, 2-3 out at first.
Batting: RHB Jim Bartle 0-0: Called Strike
0-1: Ball
1-1: Foul Ball, location: 2F
1-2: Foul Ball, location: 3SF
1-2: Ground out 6-3 (Groundball, 6, EV 78.8 MPH)
Batting: RHB Eddie Pizana 0-0: Ball
1-0: Foul Ball, location: 2F
1-1: Fly out, F9 (Flyball, 9D, EV 103.1 MPH)
Top of the 6th over - 0 runs, 0 hits, 0 errors, 0 left on base; Rochester 2 - Pawtucket 6
BOTTOM OF THE 6TH
Pawtucket Red Sox batting - Pitching for Rochester Red Wings : RHP Philip Constantine
Batting: RHB Chris Barley 0-0: Ball
1-0: SINGLE (Groundball, 56D, EV 101.9 MPH)
Batting: RHB Ryan Rynard 0-0: Called Strike
0-1: Ball
1-1: Ball
2-1: Swinging Strike
2-2: Ball
3-2: Foul Ball, location: 2F
3-2: Strikes out looking
Batting: RHB Eddie Chavez 0-0: Ball
1-0: Called Strike
1-1: Ball
2-1: 2-RUN HOME RUN (Flyball, 89XD, EV 103.1 MPH), Distance : 390 ft
Pitching: RHP Nick Stubbs
Batting: RHB Alvaro Madera 0-0: Ball
1-0: Called Strike
1-1: Ball
2-1: Ball
3-1: Foul Ball, location: 25F
3-2: Foul Ball, location: 2F
3-2: Strikes out looking
Batting: LHB Ryan McFall 0-0: Ball
1-0: Called Strike
1-1: Called Strike
1-2: Strikes out swinging
Bottom of the 6th over - 2 runs, 2 hits, 0 errors, 0 left on base; Rochester 2 - Pawtucket 8
TOP OF THE 7TH
Rochester Red Wings batting - Pitching for Pawtucket Red Sox : RHP Mike Chiasson
Batting: LHB Devin Lotts 0-0: Swinging Strike
0-1: Ground out U3 (Groundball, 3, EV 86.3 MPH)
Batting: RHB Kasey Ramos 0-0: Ball
1-0: Ball
2-0: Called Strike
2-1: Fly out, F9 (Flyball, 89D, EV 105.0 MPH)
Batting: RHB Danny Strickland 0-0: Ball
1-0: Ball
2-0: SINGLE (Line Drive, 78S, EV 89.4 MPH)
Batting: SHB Michael Griffith 0-0: Fly out, F6 (Popup, 6M, EV 63.8 MPH)
Top of the 7th over - 0 runs, 1 hit, 0 errors, 1 left on base; Rochester 2 - Pawtucket 8
BOTTOM OF THE 7TH
Pawtucket Red Sox batting - Pitching for Rochester Red Wings : RHP Nick Stubbs
Batting: SHB Chris Pierce 0-0: Foul Ball, location: 2F
0-1: Called Strike
0-2: Ball
1-2: Strikes out looking
Batting: RHB John Bishop 0-0: Ball
1-0: SINGLE (Groundball, 4M, EV 101.3 MPH) (infield hit)
Batting: RHB Carlos Chaidez 0-0: Foul Ball, location: 9LSF
0-1: Ball
1-1: Called Strike
1-2: Ball
2-2: Foul Ball, location: 3F
2-2: Strikes out swinging
Batting: LHB Steve Cresci 0-0: Ball
1-0: Foul Ball, location: 2F
1-1: Ball
John Bishop steals 2nd base
2-1: Ball
3-1: Swinging Strike
3-2: Foul Ball, location: 5DF
3-2: Fly out, F5 (Popup, 56S, EV 88.8 MPH)
Bottom of the 7th over - 0 runs, 1 hit, 0 errors, 1 left on base; Rochester 2 - Pawtucket 8
TOP OF THE 8TH
Rochester Red Wings batting - Pitching for Pawtucket Red Sox : RHP Mike Chiasson
Batting: SHB Jimmy Dressler 0-0: Fly out, F6 (Line Drive, 6, EV 68.1 MPH)
Batting: RHB Justin Bradshaw 0-0: Called Strike
0-1: Foul Ball, location: 23FF
0-2: Ball
1-2: Ball
2-2: Ball
3-2: Base on Balls
Pitching: RHP Larry Harreld
Batting: RHB Jeremy Wallace 0-0: Called Strike
0-1: Ball
1-1: Foul Ball, location: 3FF
1-2: Strikes out swinging
Batting: RHB Jim Bartle 0-0: Foul Ball, location: 2F
0-1: Swinging Strike
0-2: Foul Ball, location: 25F
0-2: Fielders Choice at 2nd, 5-4 (Groundball, 56, EV 80.0 MPH)
Top of the 8th over - 0 runs, 0 hits, 0 errors, 1 left on base; Rochester 2 - Pawtucket 8
BOTTOM OF THE 8TH
Pawtucket Red Sox batting - Pitching for Rochester Red Wings : RHP Nick Stubbs
Batting: RHB Chris Barley 0-0: Ball
1-0: Swinging Strike
1-1: Swinging Strike
1-2: Ball
2-2: Ball
3-2: Foul Ball, location: 3SF
3-2: Base on Balls
Batting: RHB Ryan Rynard 0-0: Called Strike
0-1: SINGLE (Groundball, 34D, EV 107.5 MPH)
Chris Barley to second
Runner from 2nd tries for 3rd, SAFE, throw by RF made to third
Batting: RHB Eddie Chavez 0-0: Ball
1-0: Ball
2-0: Called Strike
2-1: SINGLE (Line Drive, 34D, EV 96.3 MPH)
Chris Barley scores
Ryan Rynard to second
Runner from 2nd tries for 3rd, SAFE, no throw by RF
Pitching: RHP Dan Carrington
Batting: RHB Alvaro Madera 0-0: Called Strike
0-1: Called Strike
0-2: Foul Ball, location: 3SF
0-2: Ball
1-2: Ball
2-2: Foul Ball, location: 9LSF
2-2: Strikes out swinging
Batting: LHB Ryan McFall 0-0: Ball
1-0: Foul Ball, location: 2F
1-1: Swinging Strike
1-2: Fielders Choice at 2nd, 6-4 (Groundball, 6, EV 81.9 MPH)
Ryan Rynard scores
Batting: SHB Chris Pierce 0-0: Ball
1-0: Fly out, F8 (Flyball, 8RD, EV 83.1 MPH)
Bottom of the 8th over - 2 runs, 2 hits, 0 errors, 1 left on base; Rochester 2 - Pawtucket 10
TOP OF THE 9TH
Rochester Red Wings batting - Pitching for Pawtucket Red Sox : RHP Larry Harreld
Now in CF: Mark Pearson
Batting: RHB Eddie Pizana 0-0: Ground out 6-3 (Groundball, 6, EV 80.6 MPH)
Batting: LHB Devin Lotts 0-0: Ball
1-0: Ground out 4-3 (Groundball, 4, EV 78.8 MPH)
Batting: RHB Kasey Ramos 0-0: Foul Ball, location: 2F
0-1: Foul Ball, location: 9LSF
0-2: Ball
1-2: Strikes out looking
Top of the 9th over - 0 runs, 0 hits, 0 errors, 0 left on base; Rochester 2 - Pawtucket 10
Sunday, April 14th , 2024 - OOTP Baseball 24.11 Build 85